 Dungeon Crawl Stone Soup version 0.22.1-6-g1668fe2 (webtiles) character file.

63 redwoodhats the Ruffian (level 3, 0/30 HPs)
             Began as a Centaur Warper on Jan 29, 2019.
             Slain by a giant cockroach (2 damage)
             ... on level 2 of the Dungeon.
             The game lasted 00:04:06 (969 turns).

redwoodhats the Ruffian (Centaur Warper)             Turns: 969, Time: 00:04:09

Health: 0/30       AC:  4    Str: 18    XL:     3   Next: 89%
Magic:  5/5        EV:  9    Int: 12    God:
Gold:   81         SH:  0    Dex:  9    Spells: 3/5 levels left

rFire    . . .     SeeInvis .     - Unarmed
rCold    . . .     Gourm    .   (no shield)
rNeg     . . .     Faith    .   a - +0 leather armour
rPois    .         Spirit   .   (no helmet)
rElec    .         Reflect  .   (no cloak)
rCorr    .         Harm     .   (no gloves)
MR       .....                  (no barding)
Stlth    ..........             (no amulet)
HPRegen  0.10/turn              (no ring)
MPRegen  0.09/turn              (no ring)

@: mighty, lethally poisoned (0 -> -23), very quick
A: large, hooves 3, deformed body, speed 2, tough skin 3
a: no special abilities


You were on level 2 of the Dungeon.
You were not hungry.

You visited 1 branch of the dungeon, and saw 2 of its levels.

You collected 81 gold pieces.

Inventory:

Hand Weapons
 e - a +0 club
Missiles
 d - 5 tomahawks of dispersal (quivered)
Armour
 a - a +0 leather armour (worn)
Scrolls
 c - a scroll of blinking
 h - a scroll of identify
Comestibles
 f - 2 rations


   Skills:
 + Level 2.6 Fighting
 + Level 1.2 Throwing
 + Level 1.0 Armour
 + Level 1.7 Dodging
 + Level 3.1 Unarmed Combat
 + Level 1.7 Spellcasting
 + Level 2.6 Translocations


You had 3 spell levels left.
You knew the following spells:

 Your Spells              Type           Power        Failure   Level  Hunger
a - Blink                 Tloc           N/A          17%         2    ###....

Your spell library contained the following spells:

 Spells                   Type           Power        Failure   Level  Hunger
 Shroud of Golubria       Chrm/Tloc      #.........   28%         2    ###....
 Gell's Gravitas          Tloc           #.........   32%         3    ####...
 Lesser Beckoning         Tloc           #.........   32%         3    ####...
 Teleport Other           Tloc           #.......     32%         3    ####...
 Passage of Golubria      Tloc           N/A          73%         4    #####..


Dungeon Overview and Level Annotations

Branches:
Dungeon (2/15)

Altars:


Innate Abilities, Weirdness & Mutations

You have hooves in place of feet.
Armour fits poorly on your strangely shaped body.
You cover ground very quickly.
You have extremely tough skin. (AC +3)


Message History

Your Armour skill increases to level 1!
Your Unarmed Combat skill increases to level 3!
* * * LOW HITPOINT WARNING * * *
You feel sick.
The giant cockroach bites you but does no damage.
You feel very mighty all of a sudden.
* * * LOW HITPOINT WARNING * * *
You feel very sick. The giant cockroach barely misses you. The orc misses you.
You barely miss the orc. Your kick misses the orc.
* * * LOW HITPOINT WARNING * * *
You feel sick. The giant cockroach closely misses you.
The orc closely misses you.
You punch the orc!
You kill the orc!
* * * LOW HITPOINT WARNING * * *
You feel sick. The giant cockroach bites you.
* * * LOW HITPOINT WARNING * * *
The giant cockroach bites you.
You die...

##### #...#
###...###
#.###.......#
...........###.
#...<.......
###†..#####.
#...@s..#
.......##l##.....
....####...####..
..# #...# # .
#...# #...# #...#
#...# #()?#


You could see a giant cockroach and a frilled lizard.

Vanquished Creatures
  A worker ant (D:2)
  A dart slug (D:1)
  2 leopard geckos
  An orc (D:2)
  6 bats (D:1)
  2 giant cockroaches
  5 goblins (D:1)
  3 hobgoblins (D:1)
  2 frilled lizards (D:1)
  6 kobolds (D:1)
  3 rats (D:1)
32 creatures vanquished.

Notes
Turn   | Place    | Note
-------+----------+-------------------------------------------
     0 | D:1      | redwoodhats the Centaur Warper began the quest for the Orb.
     0 | D:1      | Reached XP level 1. HP: 17/17 MP: 3/3
   123 | D:1      | Reached XP level 2. HP: 15/24 MP: 4/4
   664 | D:1      | Reached XP level 3. HP: 14/30 MP: 5/5
   675 | D:1      | Learned a level 2 spell: Blink
   966 | D:2      | Reached skill level 1 in Armour
   966 | D:2      | Reached skill level 3 in Unarmed Combat
   969 | D:2      | Slain by a giant cockroach

Skill      XL: |  1  2  3 |
---------------+----------+-----
Armour         | 1 |  1.0
Unarmed Combat | 3 |  3.1
Fighting       | |  2.6
Throwing       | |  1.2
Dodging        | |  1.7
Spellcasting   | |  1.7
Translocations | |  2.6

Action                   || total
-------------------------++-------
Melee: Unarmed           ||   130
       Kick              ||    18
  Use: Scroll            ||     4
       Potion            ||     1
Armor: Leather armour    ||    61
Dodge: Dodged            ||    84
